 Dungeon Crawl Stone Soup version 0.23.2-33-g5129a83184 (webtiles) character file.

Game seed: 17974973029980180925

277 TrebMcFLY the Firebug (level 6, -9/32 HPs)
             Began as a Deep Elf Fire Elementalist on July 15, 2019.
             Mangled by an orc warrior
             ... wielding a +0 glaive
              (10 damage)
             ... on level 4 of the Dungeon.
             The game lasted 00:16:40 (4200 turns).

TrebMcFLY the Firebug (Deep Elf Fire Elementalist)  Turns: 4200, Time: 00:16:41

Health: -9/32      AC:  3    Str:  5    XL:     6   Next: 4%
Magic:  11/15      EV: 13    Int: 27    God:
Gold:   118        SH:  0    Dex: 15    Spells: 4/14 levels left

rFire    . . .     SeeInvis .   y - +3 dagger "String" {venom, Fragile rN+ Int+3} (curse)
rCold    . . .     Gourm    .   (no shield)
rNeg     + . .     Faith    +   a - +0 robe
rPois    +         Spirit   .   (no helmet)
rElec    .         Reflect  .   (no cloak)
rCorr    .         Harm     .   (no gloves)
MR       .....                  i - +0 pair of boots
Stlth    +++.......             A - amulet of faith
HPRegen  0.10/turn              k - +2 ring of intelligence
MPRegen  0.14/turn              p - ring of poison resistance

@: no status effects
A: no striking features
a: no special abilities


You were on level 4 of the Dungeon.
You were very hungry.

You visited 1 branch of the dungeon, and saw 4 of its levels.

You collected 118 gold pieces.

Inventory:

Hand Weapons
 h - a +0 short sword
 y - the cursed +3 dagger "String" (weapon) {venom, Fragile rN+ Int+3}
   (You found it on level 4 of the Dungeon)

   It poisons the flesh of those it strikes.
   It affects your intelligence (+3).
   It protects you from negative energy.
   It will be destroyed if unequipped.
   It has a curse placed upon it.
Missiles
 t - 8 tomahawks (quivered)
Armour
 a - a +0 robe (worn)
 i - a +0 pair of boots (worn)
Jewellery
 k - a +2 ring of intelligence (left hand)
 p - a ring of poison resistance (right hand)
 s - an uncursed ring of protection from fire
 z - a +3 ring of intelligence
 A - an amulet of faith (around neck)
Wands
 r - a wand of flame (21)
 w - a wand of polymorph (6)
Scrolls
 d - a scroll of amnesia {unknown}
 e - 2 scrolls of fog {unknown}
 g - 2 scrolls of enchant weapon {unknown}
 j - 2 scrolls of identify {unknown}
 l - 3 scrolls of teleportation {unknown}
 o - a scroll of remove curse {unknown}
Potions
 b - a potion of experience {unknown}
 f - a potion of lignification {unknown}
 m - a potion of brilliance {unknown}
 n - 3 potions of curing {unknown}
 q - a potion of ambrosia {unknown}
 u - a potion of mutation {unknown}
 v - a potion of might {unknown}
Comestibles
 c - 6 rations


   Skills:
 - Level 2.4 Dodging
 + Level 4.2 Stealth
 + Level 4.6 Spellcasting
 + Level 2.9 Conjurations
 * Level 5.4 Fire Magic


You had 4 spell levels left.
You knew the following spells:

 Your Spells              Type           Power        Failure   Level  Hunger
a - Flame Tongue          Conj/Fire      ####.        1%          1    None
b - Throw Flame           Conj/Fire      ####..       1%          2    None
c - Conjure Flame         Conj/Fire      ####....     4%          3    ##.....
d - Sticky Flame          Conj/Fire      ####....     13%         4    ####...

Your spell library contained the following spells:

 Spells                   Type           Power        Failure   Level  Hunger
 Inner Flame              Hex/Fire       ###.....     8%          3    ##.....
 Fireball                 Conj/Fire      ####......   36%         5    #####..


Dungeon Overview and Level Annotations

Branches:
Dungeon (4/15)
 Temple: D:4-7

Altars:

Annotations:
D:2 Sigmund


Message History

You climb downwards.
There is a stone staircase leading up here.
The orc warrior barely misses you.
The orc warrior hits you with a +0 glaive!
Casting: Throw Flame (safe; 1% risk of failure)
Confirm with . or Enter, or press ? or * to list all spells.
Aiming: Sticky Flame (safe; 13% risk of failure)
Press: ? - help, Shift-Dir - straight line, f - orc warrior
Aim: an orc warrior, wielding a +0 glaive and wearing a +0 chain mail (moderately wounded)
The sticky flame hits the orc warrior but does no damage.
The orc warrior is moderately wounded.
The orc warrior is covered in liquid flames!
You are feeling very hungry.
The orc warrior burns!
The orc warrior hits you with a +0 glaive!!
Ouch! That really hurt!
* * * LOW HITPOINT WARNING * * *
The orc warrior burns!
The orc warrior hits you from afar with a +0 glaive!
You die...

.##.####.....####
....# ##...## ..
.#### #...# .# .####
####.#### .#
....###.......# .#
.##.##.....##.# .#
.##.##..##.##.# .#
...........##.#####.#
.##.##.###....o.@<..#
....##........#######
.#####.###.#### ##
#.....# #####.##
#[..# #...# #...#
#####...#####


You could see an orc warrior (burning).

Vanquished Creatures
  An orc priest (D:4)
  A centaur skeleton (D:4)
  A hound (D:3)
  A worker ant (D:3)
  Natasha (thrice) (D:2)
  An adder (D:2)
  An ooze (D:4)
  A dart slug (D:1)
  A leopard gecko (D:3)
  8 orcs
  3 giant cockroaches
  11 hobgoblins
  2 jackals (D:2)
  6 kobolds
  A ball python (D:4)
  8 bats
  3 frilled lizards (D:2)
  10 goblins
  8 rats
71 creatures vanquished.

Notes
Turn   | Place    | Note
-------+----------+-------------------------------------------
     0 | D:1      | TrebMcFLY the Deep Elf Fire Elementalist began the quest
                  | for the Orb.
     0 | D:1      | Reached XP level 1. HP: 10/10 MP: 6/6
   461 | D:1      | Reached XP level 2. HP: 14/15 MP: 6/8
   465 | D:1      | Learned a level 2 spell: Throw Flame
   636 | D:2      | Noticed Natasha
   713 | D:2      | Killed Natasha
   713 | D:2      | Reached skill level 4 in Fire Magic
   713 | D:2      | Reached XP level 3. HP: 19/19 MP: 6/10
   733 | D:2      | Learned a level 3 spell: Conjure Flame
  1430 | D:2      | Noticed Sigmund
  1584 | D:2      | Reached XP level 4. HP: 24/24 MP: 6/11
  1597 | D:2      | Learned a level 4 spell: Sticky Flame
  2030 | D:2      | Noticed Natasha
  2036 | D:2      | Killed Natasha
  2332 | D:3      | Noticed a phantom
  2394 | D:3      | Noticed an ogre
  2464 | D:3      | Reached XP level 5. HP: 27/28 MP: 4/13
  2961 | D:2      | Reached skill level 5 in Fire Magic
  3030 | D:2      | Noticed Natasha
  3090 | D:2      | Killed Natasha
  3146 | D:4      | Got a faintly glowing dagger
  3147 | D:4      | Identified the cursed +3 dagger "String" {venom, Fragile
                  | rN+ Int+3} (You found it on level 4 of the Dungeon)
  3154 | D:4      | Noticed an orc warrior
  3808 | D:4      | Reached XP level 6. HP: 15/32 MP: 8/14
  4199 | D:4      | HP: 1/32 [orc warrior/+0 glaive (18)]
  4200 | D:4      | Mangled by an orc warrior

Skill      XL: |  1  2  3  4  5 |
---------------+----------------+-----
Stealth        | 3 4 |  4.2
Fire Magic     | 4 5 |  5.4
Conjurations   | 2 |  2.9
Spellcasting   | 4 |  4.6
Dodging        | |  2.4

Action                   |  1- 3 |  4- 6 || total
-------------------------+-------+-------++-------
Melee: Short sword       |     4 |     6 ||    10
       Dagger            |       |     8 ||     8
 Cast: Flame Tongue      |    32 |    39 ||    71
       Throw Flame       |    24 |    37 ||    61
       Conjure Flame     |       |     3 ||     3
       Sticky Flame      |       |     3 ||     3
 Stab: Sleeping          |     4 |     1 ||     5
  Eat: Chunk             |     2 |     8 ||    10
Armor: Robe              |     1 |     3 ||     4
       Skin              |       |     1 ||     1
Dodge: Dodged            |     7 |    24 ||    31
